 Dungeon Crawl Stone Soup version 0.26.0-45-g9c1d065592 (webtiles) character file.

Game seed: 11334012658266201570

(classic levelgen) 189 thiole the Stinger (level 5, 0/31 HPs)
             Began as an Octopode Venom Mage on Jan 30, 2021.
             Killed by divine providence
             ... invoked by an orc priest
              (11 damage)
             ... on level 3 of the Dungeon.
             The game lasted 00:03:23 (2788 turns).

thiole the Stinger (Octopode Venom Mage)            Turns: 2788, Time: 00:03:23

Health: 0/31       AC:  1    Str:  7    XL:     5   Next: 68%
Magic:  7/8        EV: 13    Int: 18    God:
Gold:   88         SH:  0    Dex: 13    Spells: 7/8 levels left

rFire    . . .     SeeInvis .   (no weapon)
rCold    . . .     Faith    .   (no shield)
rNeg     . . .     Spirit   .   (helmet restricted)
rPois    .         Reflect  .   (no amulet)
rElec    .         Harm     .   (no ring)
rCorr    .         Rampage  .   (no ring)
Will     .....                  (no ring)
Stlth    +++.......             (no ring)
HPRegen  0.10/turn              (no ring)
MPRegen  0.11/turn              (no ring)
                                (no ring)
                                (no ring)

@: very slightly contaminated
A: almost no armour, stealthy swim, amphibious, 8 rings, constrict 8, camouflage
1, gelatinous body 1
a: no special abilities


You were on level 3 of the Dungeon.
You visited 1 branch of the dungeon, and saw 3 of its levels.

You collected 88 gold pieces.

Inventory:

Jewellery
 h - an uncursed ring of resist corrosion {unknown}
 o - an uncursed amulet of regeneration {unknown}
Wands
 d - a wand of digging (3)
 m - a wand of acid (8)
Scrolls
 a - a scroll of identify {unknown}
 b - a scroll of amnesia {unknown}
 c - 2 scrolls of remove curse {unknown}
 e - 3 scrolls of magic mapping {unknown}
 f - a scroll of teleportation {unknown}
 g - a scroll of noise {unknown}
 k - 2 scrolls of fog {unknown}
Potions
 i - a potion of heal wounds {unknown}
 j - 2 potions of ambrosia
 l - a potion of lignification {unknown}
 n - a potion of brilliance {unknown}


   Skills:
 - Level 2.0 Dodging
 - Level 2.6 Stealth
 - Level 2.0 Spellcasting
 + Level 2.5 Conjurations
 - Level 3.0 Transmutations
 - Level 2.0 Fire Magic
 - Level 2.0 Air Magic
 - Level 4.0 Poison Magic


You had 7 spell levels left.
You knew the following spells:

 Your Spells              Type           Power        Failure   Level
a - Sting                 Tmut/Pois      56%          4%          1

Your spell library contained the following spells:

 Spells                   Type           Power        Failure   Level
 Poisonous Vapours        Pois/Air       24%          8%          2
 Ignite Poison            Fire/Tmut/Pois 12%          16%         3
 Mephitic Cloud           Conj/Pois/Air  12%          17%         3
 Olgreb's Toxic Radiance  Pois           16%          34%         4


Dungeon Overview and Level Annotations

Branches:
Dungeon (3/15)

Altars:


Innate Abilities, Weirdness & Mutations

You cannot wear most types of armour.
You are very stealthy in the water. (Stealth+)
You are amphibious.
You can wear up to eight rings at the same time.
You can use your tentacles to constrict eight enemies at once.
Your skin changes colour to match your surroundings (Stealth+).
Your rubbery body absorbs attacks. (AC +1, EV +1)


Message History

You feel less confused.
The orc priest invokes the aid of Beogh against you.
Beogh smites you!
You tentacle-slap the orc priest but do no damage.
You grab the orc priest.
The orc priest is almost dead.
You constrict the orc priest, but do no damage.
The orc priest closely misses you.
Casting: Sting (safe; 4% risk of failure)
Confirm with . or Enter, or press ? or * to list all spells.
Aiming: Sting (safe; 4% risk of failure)
Press: ? - help, Shift-Dir - straight line, f/p - orc priest
Aim: an orc priest, wearing a +0 ring mail (almost dead, constricted by you, 0% to evade)
You miscast Sting.
You are very lightly contaminated with residual magic.
Nothing appears to happen.
You constrict the orc priest, but do no damage.
The orc priest mumbles some strange prayers to Beogh against you.
Beogh smites you!
You die...

### #.. #.. #..
######## #####..
...##.# ### #......
##.##.###≈# #...#.#
#.o)..##≈≈# ###.#.#
#.@##..#≈≈###.#.#.#
#..##..#≈≈##..#.#.†
#..##.)#≈≈≈#..#....
#..##))#≈≈≈#≈......
#..##..#≈≈†≈≈.#....
#..##...≈≈≈P..#....
#..##..≈≈≈≈P.......
.......≈≈≈≈≈≈......
.......≈≈≈P≈≈.#.###


You could see an orc priest.

Vanquished Creatures
  An orc priest (D:3)
  Terence (D:2)
  A gnoll (D:1)
  6 adders
  2 oozes (D:2)
  3 dart slugs
  2 leopard geckos
  6 orcs (D:3)
  2 giant cockroaches
  6 goblins
  A hobgoblin (D:2)
  A quokka (D:2)
  A ball python (D:1)
  10 bats
  3 frilled lizards
  6 kobolds
  A quokka skeleton (D:2)
  5 rats (D:2)
58 creatures vanquished.

Vanquished Creatures (others)
  A plant (D:3)
1 creature vanquished.

Grand Total: 59 creatures vanquished

Notes
Turn   | Place    | Note
-------+----------+-------------------------------------------
     0 | D:1      | thiole the Octopode Venom Mage began the quest for the Orb.
     0 | D:1      | Reached XP level 1. HP: 11/11 MP: 3/3
   363 | D:1      | Reached skill level 4 in Poison Magic
   374 | D:1      | Reached XP level 2. HP: 9/17 MP: 1/5
   778 | D:1      | Reached XP level 3. HP: 21/21 MP: 4/6
  1226 | D:2      | Reached skill level 1 in Conjurations
  1226 | D:2      | Reached skill level 1 in Fire Magic
  1226 | D:2      | Reached skill level 1 in Air Magic
  1266 | D:2      | Noticed Terence
  1278 | D:2      | Killed Terence
  1279 | D:2      | Reached XP level 4. HP: 14/27 MP: 1/7
  2172 | D:2      | Reached XP level 5. HP: 29/31 MP: 2/8
  2788 | D:3      | Killed from afar by an orc priest

Illustrated notes

Levels and vault maps discovered:
D:1:      dpeg_arrival_simpleton_a, layout_rooms, chequers_serial_rivers_marsh,
          minmay_domino_2
D:2:      minmay_razor_zed, layout_rooms, minmay_misc_feat_chi, uniq_terence
D:3:      layout_basic, chequers_big_river, uniq_robin

Skill      XL: |  1  2  3  4  5 |
---------------+----------------+-----
Poison Magic   | 4 |  4.0
Transmutations | 2 3 |  3.0
Conjurations   | 1 2 |  2.5
Fire Magic     | 1 2 |  2.0
Air Magic      | 1 2 |  2.0
Dodging        | |  2.0
Stealth        | |  2.6
Spellcasting   | |  2.0

Action                   |  1- 3 |  4- 6 || total
-------------------------+-------+-------++-------
Melee: Unarmed           |    29 |    52 ||    81
       Constrict         |    10 |    18 ||    28
       Tentacles         |     5 |    10 ||    15
 Cast: Sting             |    39 |    56 ||    95
  Use: Potion            |       |     1 ||     1
Armor: Skin              |     5 |    11 ||    16
Dodge: Dodged            |    32 |    69 ||   101
